AoeStats
← RagnarLothbrok

African Clearing

510432634Analyzed
4v4 RM · 7h ago on Oct 1, 2026· 25m 14s· 8 players
Game mode
Random Map
Map size
Large (8 player)
Population
200
Speed
Normal
Resources
Standard
Victory
Conquest
Starting age
Dark Age
Ending age
Imperial Age
RankedLock teamsTeams togetherTeam positionsShared explorationLock speedFull tech treeHidden civsTurbo modeCheats
Victory
Defeat
🇨🇳 Berbers · China
1273
+16
🇨🇳 Spanish · China
1266
+16
🇧🇷 Mongols · Brazil
1213
+18
🇺🇸 Japanese · United States
1176
+20
🇻🇪 Mongols · Venezuela
1307
-19
🇨🇴 Malay · Colombia
1253
-17
🇲🇦 Bohemians · Morocco
1253
-17
🇺🇸 Koreans · United States
1250
-17
RagnarLothbrok
7:21 Loom
11:21 Loom
13:06 Feudal Age
15:30 Town Watch
17:46 Castle Age
15:45 Stone Mining
15:45 Gold Mining
15:46 Fletching
16:35 Wheelbarrow
19:15 Bodkin Arrow
22:22 Double-Bit Axe
No-One-Knows-Me
2:52 Loom
13:10 Feudal Age
15:12 Town Watch
17:54 Castle Age
16:00 Double-Bit Axe
18:12 Fletching
Dieguisss<3
9:35 Loom
14:20 Feudal Age
14:02 Double-Bit Axe
16:20 Fishing Lines
17:24 Fletching
20:42 Castle Age
21:31 Crossbowman
24:56 Gillnets
HotHardFatherDaddy
3:43 Loom
12:58 Feudal Age
13:49 Man-at-Arms
19:15 Fletching
Monkey King
11:15 Loom
13:51 Feudal Age
13:58 Man-at-Arms
14:52 Double-Bit Axe
16:54 Wheelbarrow
17:46 Scale Mail Armor
17:50 Arson
21:57 Horse Collar
25:55 Castle Age
23:51 Horse Collar
24:48 Forging
鲨丁鱼
11:23 Loom
13:08 Feudal Age
19:42 Castle Age
18:01 Double-Bit Axe
19:20 Scale Barding Armor
21:23 Wheelbarrow
CavArchers
10:00 Loom
12:12 Feudal Age
13:09 Double-Bit Axe
15:43 Fletching
Atos 4:12 | João 14:6
3:53 Loom
12:19 Feudal Age
13:14 Double-Bit Axe
15:02 Fletching
22:37 Castle Age
20:19 Horse Collar
20:31 Stone Mining
20:35 Gold Mining
23:35 Bodkin Arrow
23:01 Crossbowman
24:07 Bow Saw
24:04 Heavy Plow
Connection lost

Rejoining the realm…

Still unreachable

The connection could not be restored.

Session expired

The server has moved on; the page needs a fresh start.